Unix NetHack Version 5.0.0-0 post-release - last build Jun 10 2026 00:39:30 (3ee93aec679c4c4259841fe613dc97188e26a321,branch:main).

Game began 2026-06-12 18:50:51, ended 2026-06-12 19:07:26.

Drastanta, lawful male human Samurai

                                   ---
                                  --.--
                                  |.<.-
                                  |...0|
                                  --...|
                                   --.--
                               -    |.|  ----                  --
                              --.  --.----..---------          .--
                              |........^)@G)!...G...hG...........|
                              h.......----%..................--  -
                              -.......|   ...........................|
                             |.......--  -......---- ..-  ..-------
                             ---...--     ......|
                               --..      -......|
                                |.        ....---
                                --       -.....
                                         |....-
                                         --...|
                                           ----

Drastanta the Ronin    St:17 Dx:16 Co:18 In:8 Wi:8 Ch:8  Lawful
Dlvl:4  $:142 HP:0(28) Pw:11(11) AC:4  Xp:3 T:1140 

Latest messages:
 You stop.  Hachi doesn't want to swap places.
 You stop.  Hachi doesn't want to swap places.
 Hachi bites it.
 Hachi misses the gnome.
 You stop.  Hachi doesn't want to swap places.
 Hachi bites the gnome.
 The gnome hits Hachi.
 The gnome lord shoots 2 crossbow bolts!
 The 1st crossbow bolt misses you.
 You are almost hit by the 2nd crossbow bolt.
 You stop.  Hachi doesn't want to swap places.
 You stop.  Hachi doesn't want to swap places.
 The gnome lord shoots a crossbow bolt!
 A crossbow bolt misses you.
 Hachi eats a cave spider corpse.
 The gnome lord picks up a bow.
 The grid bug misses!
 The gnome lord swings his crossbow.
 The gnome lord hits!
 The gnome picks up 4 crossbow bolts.
 You hit the gnome lord!
 You miss the grid bug.
 The grid bug bites!
 You get zapped!
 The gnome lord swings his crossbow.
 The gnome lord misses!
 You miss the gnome lord.
 You kill the gnome lord!
 The grid bug bites!
 You get zapped!
 Hachi eats a gnome lord corpse.
 You kill the grid bug!
 The gnome wields a bow!
 The gnome picks up a bag.
 You hit the gnome.
 The gnome lord hits!
 You kill the gnome!
 You miss the gnome.
 The gnome lord hits!
 The gnome shoots an arrow!
 The arrow hits Hachi!
 Hachi is killed!
 The gnome hits!
 You kill the gnome!
 The gnome lord hits!
 You hit the gnome lord!
 You miss the gnome lord.
 The gnome lord hits!
 You die...
 Do you want your possessions identified? [ynq] (y) q

Inventory:
 Coins    ('$')
  $ - 142 gold pieces
 Weapons  (')')
  d - 40 +0 ya (in quiver)
  c - a +0 yumi (alternate weapon; not wielded)
  a - a +0 katana (weapon in right hand)
  b - a +0 wakizashi
 Armor    ('[')
  l - an uncursed +0 orcish helm
  e - an uncursed rustproof +0 splint mail (being worn)
 Comestibles  ('%')
  o - an uncursed lembas wafer
  k - an uncursed tripe ration
  j - an uncursed tin of candied lichen
 Scrolls  ('?')
  p - an uncursed scroll of enchant weapon
 Spellbooks  ('+')
  f - an uncursed spellbook of magic mapping
 Potions  ('!')
  h - an uncursed potion of healing
 Wands    ('/')
  g - a wand of light (0:15)
 Gems/Stones  ('*')
  n - an uncursed luckstone

Drastanta the Samurai's attributes:

Background:
 You were a Ronin, a level 3 male human Samurai.
 You were lawful, on a mission for Amaterasu Omikami
 who was opposed by Raijin (neutral) and Susanowo (chaotic).
 You were right-handed.
 You were in the Gnomish Mines, on level 4.
 You entered the dungeon 1140 turns ago.
 You had 72 experience points, 8 more were needed to attain level 4.

Basics:
 You had 0 out of 28 hit points.
 You had all 11 energy points (spell power).
 Your armor class was 4.
 Your wallet contained 142 zorkmids.
 Autopickup was on for '$' plus thrown.

Final Characteristics:
 Your strength was 17 (limit:18/100).
 Your dexterity was 16 (limit:18).
 Your constitution was 18 (limit:18).
 Your intelligence was 8 (limit:18).
 Your wisdom was 8 (limit:18).
 Your charisma was 8 (limit:18).

Final Status:
 You weren't hungry.
 You were unencumbered.
 You were wielding a long sword.
 You had basic skill with long sword.

Final Attributes:
 You were devoutly aligned.
 You were warded.
 You were fast.
 You were lucky.
 You had extra luck.
 Bad luck did not time out for you.
 Good luck did not time out for you.
 You are dead.

Miscellaneous:
 You didn't encounter any bones levels.
 Total elapsed playing time was 16 minutes and 34 seconds.

Major events:
 Turn
    1: Drastanta the lawful male human Samurai entered the dungeon
  991: entered the Gnomish Mines
 1122: attained the rank of Ronin (level 3)
 1140: killed by a gnome lord

You didn't know any spells.

Skills:
 Fighting Skills
   martial arts      [Basic]
   two weapon combat [Unskilled]
   riding            [Unskilled]
 Weapon Skills
   dagger            [Unskilled]
   knife             [Unskilled]
   short sword       [Basic]
   broadsword        [Unskilled]
   long sword        [Basic]
   two-handed sword  [Unskilled]
   saber             [Unskilled]
   flail             [Unskilled]
   quarterstaff      [Unskilled]
   polearms          [Unskilled]
   spear             [Unskilled]
   lance             [Unskilled]
   bow               [Basic]
   shuriken          [Unskilled]
 Spellcasting Skills
   attack spells     [Unskilled]
   divination spells [Unskilled]
   clerical spells   [Unskilled]

Voluntary challenges:
 Character rerolling was not enabled.
 You never genocided any monsters.
 You never polymorphed an object.
 You never changed form.
 You used no wishes.
Achievements:
 You entered a shop.
 You entered the Gnomish Mines.
 You attained the rank of Ronin.

 The Dungeons of Doom: levels 1 to 3
    Level 1:
       Some altars, a fountain.
    Level 2:
       A general store, a fountain.
    Level 3:
       A fountain, a sink.
       Stairs down to The Gnomish Mines.
 The Gnomish Mines:
    Level 4: <- You were here.
       Final resting place for
          you, killed by a gnome lord.


Vanquished creatures:
  a gnome leader
  a little dog
  a coyote
  2 giant rats
  2 cave spiders
  3 gnomes
  2 gnome zombies
  a gecko
  4 jackals
  2 goblins
  2 grid bugs
  3 lichens
  a kobold zombie
  4 newts
29 creatures vanquished.

No species were genocided or became extinct.

Game over:
                       ----------
                      /          \
                     /    REST    \
                    /      IN      \
                   /     PEACE      \
                  /                  \
                  |    Drastanta     |
                  |      142 Au      |
                  |   killed by a    |
                  |    gnome lord    |
                  |                  |
                  |                  |
                  |       2026       |
                 *|     *  *  *      | *
        _________)/\\_//(\/(/\)/\//\/|_)_______

Sayonara Drastanta the Samurai...

You died in The Gnomish Mines on dungeon level 4 with 576 points,
and 142 pieces of gold, after 1140 moves.
You were level 3 with a maximum of 28 hit points when you died.

